 Dungeon Crawl Stone Soup version 0.31.0-11-ge490571c62 (webtiles) character file.

Game seed: 11750500560613542922

10771 jasper the Carver (level 11, 0/81 HPs)
             Began as a Vampire Cinder Acolyte on Feb 1, 2024.
             Was an Initiate of Ignis.
             Slain by a yak (7 damage)
             ... on level 8 of the Dungeon.
             The game lasted 00:22:29 (11091 turns).

jasper the Carver (Vampire Cinder Acolyte)         Turns: 11091, Time: 00:22:29

Health: 0/81       AC: 13    Str: 13    XL:     11   Next: 40%
Magic:  12/12      EV: 13    Int: 17    God:    Ignis [......]
Gold:   45         SH:  0    Dex: 14    Spells: 7/12 levels left

rFire   + + .        Q - +1 double sword (drain)
rCold   . . .        (no shield)
rNeg    . . .        y - +0 acid dragon scales
rPois   +            G - +0 helmet
rElec   .            h - +1 cloak
rCorr   +            v - +0 pair of gloves
SInv    +            w - +0 pair of boots
Will    +....        (no amulet)
Stlth   +            P - ring of poison resistance
HPRegen 0.53/turn    M - ring of protection from fire
MPRegen 0.13/turn

%: no passive effects
@: about to teleport, healing quickly
A: alive, fangs 3, see invisible, vampiric 2
a: Exsanguinate, Renounce Religion, Rising Flame


You were on level 8 of the Dungeon.
You worshipped Ignis.
Ignis was noncommittal.
You visited 3 branches of the dungeon, and saw 13 of its levels.
You also visited: Bailey.

You collected 521 gold pieces.
You spent 476 gold pieces at shops.

Inventory:

Hand Weapons
 a - a -1 falchion of flaming
 c - a +1 short sword of protection
 l - a +0 trident
 m - a +0 falchion
 t - a +4 falchion
 u - a +1 long sword of electrocution
 Q - a +1 double sword of draining (weapon)
Missiles
 d - 101 stones (quivered)
 f - 27 poisoned darts
 q - 3 boomerangs
Armour
 b - a +0 robe
 g - a +0 ring mail
 h - a +1 cloak (worn)
 k - a +0 chain mail
 o - a +0 scale mail
 s - +0 steam dragon scales
 v - a +0 pair of gloves (worn)
 w - a +0 pair of boots (worn)
 y - +0 acid dragon scales (worn)
 G - a +0 helmet (worn)
Jewellery
 e - a ring of positive energy
 M - a ring of protection from fire (right hand)
 O - a ring of protection from cold
 P - a ring of poison resistance (left hand)
Wands
 p - a wand of flame (24)
 z - a wand of mindburst (16)
 D - a wand of light (6)
 K - a wand of roots (5)
Scrolls
 i - a scroll of amnesia
 n - a scroll of fog
 x - a scroll of teleportation
 F - 2 scrolls of identify
 H - a scroll of blinking {unknown}
Potions
 j - 3 potions of attraction
 r - 2 potions of degeneration
 A - 2 potions of haste {unknown}
 C - 2 potions of magic {unknown}
 E - a potion of brilliance {unknown}
 I - a potion of mutation {unknown}
 L - 2 potions of invisibility {unknown}
 N - a potion of lignification {unknown}


   Skills:
 + Level 5.7 Fighting
 - Level 14.0 Long Blades
 + Level 5.6 Armour
 + Level 6.0 Dodging
 - Level 1.0 Spellcasting
 - Level 2.4 Fire Magic
 - Level 5.0 Evocations


You had 7 spell levels left.
You knew the following spells:

 Your Spells              Type           Power      Damage    Failure   Level
a - Scorch                Fire           18%        2d5       17%         2
b - Swiftness             Air            0%         N/A       65%         3

Your spell library contained the following spells:

 Spells                   Type           Power      Damage    Failure   Level
 Shock                    Conj/Air       0%         1d3       30%         1
 Sting                    Conj/Alch      0%         1d3       30%         1
 Cigotuvi's Dreadful Rot  Necr/Alch/Air  0%         N/A       41%         2
 Ensorcelled Hibernation  Hex/Ice        0%         N/A       41%         2
 Jinxbite                 Hex            0%         N/A       41%         2
 Lesser Beckoning         Tloc           0%         N/A       41%         2
 Mercury Vapours          Alch/Air       0%         N/A       41%         2
 Inner Flame              Hex/Fire       4%         N/A       50%         3
 Gell's Gravitas          Tloc           0%         N/A       65%         3
 Passwall                 Erth           0%         N/A       65%         3
 Stone Arrow              Conj/Erth      0%         3d7       65%         3
 Teleport Other           Tloc           0%         N/A       65%         3
 Flame Wave               Conj/Fire      4%         2d5       88%         4
 Ignite Poison            Fire/Alch      4%         N/A       88%         4
 Sticky Flame             Fire/Alch      4%         2d4       88%         4
 Airstrike                Air            0%         2d(0-16)  96%         4
 Animate Armour           Summ/Erth      0%         N/A       96%         4
 Olgreb's Toxic Radiance  Alch           0%         N/A       96%         4
 Freezing Cloud           Conj/Ice/Air   0%         6-21      100%        5
 Yara's Violent Unravell  Hex/Alch       0%         3d3       100%        5
 Summon Cactus Giant      Summ           0%         N/A       100%        6
 Enfeeble                 Hex            0%         N/A       100%        7
 Lehudib's Crystal Spear  Conj/Erth      0%         10d2      100%        8


Dungeon Overview and Level Annotations

Branches:
Dungeon (11/15)            Temple (1/1) D:6            Lair (1/5) D:8
    Orc (0/2) D:10         Bailey (visited)

Altars:
Ashenzari
Cheibriados
Dithmenos
Fedhas
Gozag
Hepliaklqana
Kikubaaqudgha
Makhleb
Nemelex Xobeh
Okawaru
Qazlal
Ru
Sif Muna
Trog
Uskayaw
Vehumet
Wu Jian
Xom
Yredelemnul

Shops:
D:4 =   D:9 *

Annotations:
D:5 Sigmund
D:7 exclusion: door
D:9 exclusion: statue
D:10 2 transporters, bairyn's ghost, journeyman OnFE
D:11 2 transporters, dialectric's ghost, journeyman OpDe


Innate Abilities, Weirdness & Mutations

Your natural rate of healing is accelerated.
You have razor-sharp teeth.
You have supernaturally acute eyesight. (SInv)
You are afflicted with vampirism and can become a bat while bloodless.


Message History

Unknown command.
Unknown command.
The wolf closely misses you. The blink frog completely misses you.
The wolf bites you but does no damage. The cane toad stings you!
You are poisoned.
The cane toad poisons you! The wolf bites you but does no damage.
The yak gores you! The blink frog misses you. x2
The wolf bites you but does no damage.
You climb upwards.
Welcome back to the Dungeon!
You feel extremely sick.
There is a staircase to the Lair, spattered with blood here.
Unknown command.
Okay, then.
You feel better. The wolf closely misses you. The cane toad stings you!
* * * LOW HITPOINT WARNING * * *
The yak gores you!
* * * LOW HITPOINT WARNING * * *
The wolf barely misses you.
As you read the scroll of teleportation, it crumbles to dust.
You feel strangely unstable.
The wolf bites the fungus.
The fungus begins to die.
The cane toad completely misses you. The wolf misses you.
The yak barely misses you.
The wolf bites the fungus.
The fungus begins to die.
The cane toad stings you but does no damage.
You feel much better. The wolf bites you but does no damage.
The wolf bites the fungus.
The wolf bites you. The yak gores you! The cane toad stings you!
* * * LOW HITPOINT WARNING * * *
The wolf bites the fungus.
You barely miss the cane toad. The wolf bites you!
* * * LOW HITPOINT WARNING * * *
The wolf bites the fungus!
The yak gores you!
* * * LOW HITPOINT WARNING * * *
The cane toad stings you but does no damage.
The wolf completely misses you.
Unknown command.
You feel better.
The wolf bites the fungus.
The wolf bites you but does no damage. The cane toad completely misses you.
The yak gores you!
You die...

#### #........##.#...[)[..#.#..
#......%.##.#....###.#.#..
###########..#####....#.# #.#.#..
.............#######....###.#.#..
............#...≈...#....##.#....
..............#...#....#..#.#####
.............##.P.##...##........
...........#...PFYF..#.....#.####
...........#≈.hh@P..≈#...........
...........#...PPPP..#........##.
.............##PP.##.............
........<.....#...#.....##.....##
............#...≈...#..###.....#
........[....#######...###.....#
...........................###.#
.......................###.###.#
.......................#...#...#


You could see a yak, a cane toad, a blink frog and 2 wolves.

Vanquished Creatures
  3 two-headed ogres
  A manticore (D:11)
  2 unseen horrors (D:11)
  A gargoyle (D:11)
  A cane toad (D:8)
  A troll (D:9)
  A hornet (D:11)
  2 blink frogs (D:8)
  14 yaks
  3 wraiths
  A vampire (D:9)
  2 steam dragons
  3 acid dragons
  2 water moccasins
  An ice beast (D:4)
  5 orc warriors
  3 centaurs
  2 wolves (D:8)
  2 phantoms
  A kobold brigand (D:9)
  2 gnoll sergeants
  3 bullfrogs
  A necrophage (D:5)
  A scorpion (D:4)
  5 wights
  3 killer bees (D:7)
  A howler monkey (D:4)
  A crimson imp (D:6)
  6 hounds
  A bombardier beetle (D:6)
  2 jellies
  9 orc priests
  3 sleepcaps
  Jessica (D:2)
  4 iguanas
  7 orc wizards
  A hound skeleton (D:5)
  11 gnolls
  A river rat (D:5)
  8 adders
  A shadow imp (D:7)
  2 white imps
  6 ufetubi (D:5)
  A ribbon worm (D:5)
  4 dart slugs
  53 orcs
  5 endoplasms
  3 giant cockroaches
  12 hobgoblins
  4 jackals (D:1)
  3 quokkas
  10 ball pythons
  3 bats (D:1)
  A frilled lizard (D:3)
  3 goblins
  11 kobolds
  4 rats
248 creatures vanquished.

Notes
Turn   | Place    | Note
-------+----------+-------------------------------------------
     0 | D:1      | jasper the Vampire Cinder Acolyte began the quest for the
                  | Orb.
     0 | D:1      | Reached XP level 1. HP: 17/17 MP: 2/2
   142 | D:1      | Reached XP level 2. HP: 23/23 MP: 3/3
   145 | D:1      | Learned a level 2 spell: Scorch
   176 | D:1      | Found a faded altar of an unknown god.
   447 | D:1      | Reached skill level 4 in Long Blades
   567 | D:1      | Gained mutation: You are afflicted with vampirism and can
                  | become a bat while bloodless. [Vampire growth]
   567 | D:1      | Reached XP level 3. HP: 21/28 MP: 4/4
   977 | D:2      | Noticed Jessica
   981 | D:2      | Killed Jessica
   982 | D:2      | Reached skill level 5 in Long Blades
   982 | D:2      | Reached XP level 4. HP: 34/34 MP: 5/5
  1495 | D:2      | Learned a level 3 spell: Teleport Other
  1733 | D:2      | Learned a level 3 spell: Swiftness
  1832 | D:3      | Found a shimmering altar of Xom.
  2034 | D:3      | Found a broken altar of Ashenzari.
  2131 | D:3      | Reached XP level 5. HP: 39/39 MP: 6/6
  2385 | D:4      | Reached skill level 6 in Long Blades
  2512 | D:4      | Reached XP level 6. HP: 43/47 MP: 7/7
  2598 | D:4      | Found Kolup's Jewellery Shop.
  2598 | D:4      | Noticed an ice beast
  2602 | D:4      | Killed an ice beast
  2694 | D:4      | Reached skill level 7 in Long Blades
  2926 | D:4      | Found a bloodstained altar of Trog.
  2930 | D:4      | Found a hide-covered altar of Uskayaw.
  3085 | D:5      | Entered Level 5 of the Dungeon
  3233 | D:5      | Reached XP level 7. HP: 41/53 MP: 8/8
  3265 | D:5      | Noticed Sigmund
  3420 | D:5      | Reached skill level 8 in Long Blades
  3770 | D:5      | Found a burning altar of Makhleb.
  4014 | D:6      | Found a staircase to the Ecumenical Temple.
  4038 | D:6      | Noticed a steam dragon
  4055 | Temple   | Entered the Ecumenical Temple
  4092 | Temple   | Killed a steam dragon
  4093 | Temple   | Reached XP level 8. HP: 46/61 MP: 9/9
  4124 | D:6      | Reached skill level 9 in Long Blades
  4126 | D:6      | Reached skill level 5 in Fighting
  4316 | D:6      | Reached skill level 1 in Dodging
  4923 | D:7      | Found a flagged portal.
  4946 | Bailey   | Entered a bailey
  5324 | D:7      | Reached skill level 10 in Long Blades
  5722 | D:7      | Reached XP level 9. HP: 65/68 MP: 10/10
  5921 | D:7      | Found a shimmering blue altar of Sif Muna.
  6018 | D:7      | Found an ornate altar of the Wu Jian Council.
  6263 | D:8      | Found a staircase to the Lair.
  6292 | D:8      | Reached skill level 11 in Long Blades
  6865 | D:8      | Reached skill level 5 in Dodging
  7146 | D:9      | Reached skill level 1 in Armour
  7164 | D:9      | Reached skill level 12 in Long Blades
  7388 | D:9      | Noticed a two-headed ogre
  7396 | D:9      | HP: 3/68 [two-headed ogre/+0 giant club (18)]
  7396 | D:9      | Killed a two-headed ogre
  7397 | D:9      | Reached XP level 10. HP: 4/74 MP: 11/11
  7748 | D:9      | Found an opulent altar of Gozag.
  8230 | D:9      | Reached skill level 13 in Long Blades
  8496 | D:9      | Found Avos's Alliterative Armaments.
  8635 | D:9      | Found a radiant altar of Vehumet.
  8672 | D:10     | Entered Level 10 of the Dungeon
  8726 | D:10     | Found a transporter.
  8728 | D:10     | Noticed a moth of wrath
  8731 | D:10     | Noticed bairyn's ghost (journeyman OnFE)
  8806 | D:10     | Found a bloodstained altar of Trog.
  8831 | D:10     | Found a basalt altar of Yredelemnul.
  8956 | D:10     | Noticed a deep troll
  8957 | D:10     | Noticed a two-headed ogre
  8981 | D:10     | Noticed a two-headed ogre
  8991 | D:10     | Killed a two-headed ogre
  9140 | D:10     | Found a staircase to the Orcish Mines.
  9185 | D:10     | Found a transporter.
  9423 | D:11     | Reached skill level 14 in Long Blades
  9429 | D:11     | Reached skill level 5 in Armour
  9440 | D:11     | Reached skill level 1 in Evocations
  9495 | D:11     | Found a transporter.
  9499 | D:11     | Noticed dialectric's ghost (journeyman OpDe)
  9514 | D:11     | Found a transporter.
  9586 | D:11     | Noticed a two-headed ogre
  9596 | D:11     | Killed a two-headed ogre
  9597 | D:11     | Reached XP level 11. HP: 24/79 MP: 12/12
  9791 | D:11     | Paralysed by a hornet for 3 turns
 10032 | D:11     | Reached skill level 5 in Evocations
 10227 | D:11     | HP: 1/80 [orc priest/divine providence (12)]
 10909 | Lair:1   | Entered Level 1 of the Lair of Beasts
 10958 | D:9      | Bought a +1 double sword of draining for 476 gold pieces
 11090 | D:8      | HP: 1/81 [yak (8)]
 11091 | D:8      | Slain by a yak

Illustrated notes

Levels and vault maps discovered:
D:1:      tarquinn_simple_flora_water_c, layout_loops_ring,
          shapermc_ecumenical_altar_notcrosses, chequers_serial_rivers_micro_c,
          minmay_misc_feat_alley
D:2:      layout_loops_ring, palyth_stone_intersect, minmay_door_square,
          uniq_jessica
D:3:      layout_basic, lemuel_round_altar, ashenzari_altar_1,
          mainiacjoe_overflow_tiny_flanked
D:4:      layout_loops_ring, grunt_temple_overflow_diamond, serial_shops, shop
D:5:      layout_rooms, makhleb_blood_cavern_becter, portal_sewer_entry_a,
          uniq_sigmund
D:6:      layout_cave_pools, minmay_temple_entry_statues_pillars,
          serial_column_ruins, column_ruins_hut_ruined, column_ruins_open_tiny,
          column_ruins_grid_1, column_ruins_columns_dead_end,
          column_ruins_open_small, column_ruins_open_large,
          column_ruins_columns_corner, minmay_fire_ice_demons
D:7:      layout_basic, amcnicky_altar_gilded, nzn_wu_jian_council_hall,
          led_sif_book, enter_bailey_4, interstate_on_off
D:8:      layout_basic, dpeg_oklobed_lair
D:9:      layout_roguey, vehumet_statue, grunt_gozag_statues,
          monkooky_shop_alliterative
D:10:     layout_basic, overflow_temple_1_default, orc_0_dummy,
          gammafunk_ghost_wrathful_warriors
D:11:     layout_basic, gammafunk_ghost_stat_death
Temple:   chequers_temple_sunken
Lair:1:   layout_gridlike, lemuel_fruit_fields, grunt_megastairs_3,
          serial_bayou_shore_b, serial_bayou_shore_a, serial_bayou_shore_b,
          infiniplex_staircase_pool_2

Skill      XL: |  1  2  3  4  5  6  7  8  9 10 11 |
---------------+----------------------------------+-----
Long Blades    | 4 5 6 7 8 10 12 14 | 14.0
Fighting       | 3 4 5 |  5.7
Dodging        | 4 5 6 |  6.0
Armour         | 3 5 |  5.6
Evocations     | 4 5 |  5.0
Spellcasting   | |  1.0
Fire Magic     | |  2.4

Action                     |  1- 3 |  4- 6 |  7- 9 | 10-12 || total
---------------------------+-------+-------+-------+-------++-------
  Melee: Falchion          |    82 |   132 |   172 |     3 ||   389
         Bite              |     5 |     7 |    65 |    40 ||   117
         Punch             |       |       |     5 |     5 ||    10
         Long sword        |       |       |   296 |   219 ||   515
         Double sword      |       |       |       |    27 ||    27
  Throw: Stone             |       |       |     1 |       ||     1
 Invoke: Fiery Armour      |     1 |     4 |     5 |     3 ||    13
  Evoke: Wand              |       |       |     3 |     6 ||     9
    Use: Scroll            |     3 |     6 |     5 |     1 ||    15
         Potion            |       |     1 |     3 |     6 ||    10
   Stab: Distracted        |     1 |       |       |       ||     1
         Invisible         |       |       |     1 |     1 ||     2
 Armour: Robe              |    26 |       |       |       ||    26
         Ring mail         |    18 |   100 |    10 |       ||   128
         Scale mail        |       |       |   374 |    18 ||   392
         Skin              |       |       |     5 |       ||     5
         Acid dragon scale |       |       |       |   162 ||   162
  Dodge: Dodged            |    41 |    56 |   212 |   169 ||   478
